 Dungeon Crawl Stone Soup version 0.31-a0-196-g86fe4a5e66 (webtiles) character file.

Game seed: 15693594707276688848

487 qw the Skirmisher (level 6, -2/37 HPs)
             Began as a Deep Elf Hunter on June 24, 2023.
             Slain by a hound zombie (3 damage)
             ... in an ossuary.
             The game lasted 00:01:08 (3296 turns).

qw the Skirmisher (Deep Elf Hunter)                 Turns: 3296, Time: 00:01:09

Health: -2/37      AC:  6    Str: 10    XL:     6   Next: 89%
Magic:  8/8        EV: 11    Int: 14    God:
Gold:   651        SH:  0    Dex: 18    Spells: 5/5 levels left

rFire   . . .        Y - +1 shortbow
rCold   . . .        (shield currently unavailable)
rNeg    . . .        i - +0 ring mail
rPois   .            (no helmet)
rElec   .            k - +0 cloak
rCorr   .            (no gloves)
SInv    .            (no boots)
Will    .....        (no amulet)
Stlth   +            (no ring)
HPRegen 0.26/turn    (no ring)
MPRegen 0.11/turn

%: no passive effects
@: no status effects
A: no striking features
a: no special abilities


You were in an ossuary.
You visited 1 branch of the dungeon, and saw 4 of its levels.
You also visited: Ossuary.

You collected 651 gold pieces.


   Skills:
 - Level 3.3 Fighting
 + Level 9.9 Ranged Weapons
 - Level 2.4 Dodging
 - Level 1.2 Stealth


You had 5 spell levels left.
You didn't know any spells.
Your spell library was empty.

Inventory:

Hand Weapons
 Y - a +1 shortbow (weapon)
Armour
 i - a +0 ring mail (worn)
 k - a +0 cloak (worn)
Scrolls
 a - a scroll of identify
Potions
 b - 2 potions of curing

Dungeon Overview and Level Annotations

Branches:
Dungeon (4/15)             Temple (0/1) D:4         Ossuary (1/1)

Altars:

Annotations:
D:2 1 runed translucent door, Crazy Yiuf


Message History

The hound zombie barely misses you.
You shoot an arrow.
The arrow closely misses the elf zombie.
The hound zombie closely misses you.
The hound zombie bites you but does no damage.
The orc zombie barely misses you. The rat zombie closely misses you.
The hobgoblin zombie barely misses you. The orc zombie barely misses you.
The elf zombie hits you.
The hound zombie bites you but does no damage.
You shoot an arrow. The arrow hits the elf zombie!
The elf zombie is severely damaged.
The hound zombie bites you. The hound zombie completely misses you.
The orc zombie barely misses you. The rat zombie barely misses you.
The hobgoblin zombie misses you.
The elf zombie hits you but does no damage.
The orc zombie hits you but does no damage.
You shoot an arrow. The arrow hits the elf zombie!
The elf zombie is severely damaged.
The hound zombie misses you. The hound zombie closely misses you.
The hound zombie bites you. The orc zombie barely misses you.
The rat zombie misses you.
You shoot an arrow.
The arrow hits the elf zombie but does no damage.
The elf zombie is severely damaged.
The hound zombie bites you but does no damage.
The orc zombie barely misses you. The hobgoblin zombie hits you.
The elf zombie closely misses you. The hound zombie completely misses you.
The hound zombie closely misses you.
You shoot an arrow.
The arrow closely misses the elf zombie.
The hound zombie bites you. The orc zombie closely misses you.
The rat zombie barely misses you.
The hound zombie bites you but does no damage.
The orc zombie barely misses you. The hobgoblin zombie barely misses you.
The elf zombie barely misses you.
The hound zombie bites you but does no damage.
You shoot an arrow. The arrow hits the elf zombie.
The elf zombie is severely damaged.
The hound zombie bites you.
You die...

...............
...............
...............
...............
...............
......ZZ.......
......ZZZ......
.....ZZ@.......
......ZZZ......
...............
...............
...............
...............
...............
...............


You could see a rat zombie, 2 hound zombies, a hobgoblin zombie, 2 kobold
zombies, 2 orc zombies, an elf zombie and a human zombie.

Vanquished Creatures
  Sigmund (D:3)
  An ice beast (D:3)
  A hound (D:4)
  Jessica (D:2)
  An iguana (D:4)
  A hound zombie (Ossuary)
  5 adders
  3 gnolls (D:4)
  3 worms
  An orc (D:3)
  A bat (D:1)
  9 endoplasms
  3 giant cockroaches
  4 goblins
  5 hobgoblins
  2 quokkas
  4 ball pythons
  2 frilled lizards
  5 kobolds
  An orc zombie (Ossuary)
  5 rats
59 creatures vanquished.

Notes
Turn   | Place    | Note
-------+----------+-------------------------------------------
     0 | D:1      | qw the Deep Elf Hunter began the quest for the Orb.
     0 | D:1      | Reached XP level 1. HP: 12/12 MP: 3/3
     0 | D:1      | 0 ||| qw: Version: 0.3-a-9-g12657ce
     0 | D:1      | 0 ||| qw: Game counter: 4773
     0 | D:1      | 0 ||| qw: Always use a shield: true
     0 | D:1      | 0 ||| qw: God list: Okawaru
     0 | D:1      | 0 ||| qw: Allow faded altars: false
     0 | D:1      | 0 ||| qw: Do Orc after D:15 true
     0 | D:1      | 0 ||| qw: Do second Lair branch before Depths: true
     0 | D:1      | 0 ||| qw: Lair rune preference: random
     0 | D:1      | 0 ||| qw: Plans: Normal
     0 | D:1      | 0 ||| PLANNING D:1-11
   346 | D:1      | Reached skill level 6 in Ranged Weapons
   346 | D:1      | Reached XP level 2. HP: 16/16 MP: 4/4
   731 | D:1      | 731 ||| UPGRADING to +0 ring mail.
   741 | D:1      | 741 ||| DROPPING +0 leather armour.
   742 | D:1      | 742 ||| UPGRADING to +0 cloak.
   747 | D:1      | 747 ||| READING scroll labelled DOLUIT AGIN.
   748 | D:1      | 748 ||| READING scroll labelled UCZUOF FEPOR.
   749 | D:1      | 749 ||| READING 2 scrolls labelled QIESTR ELEANTE.
   752 | D:1      | 752 ||| READING scroll labelled SERYUG QILA.
   753 | D:1      | 753 ||| DROPPING scroll of butterflies.
   899 | D:2      | Reached XP level 3. HP: 20/20 MP: 5/5
   922 | D:2      | Noticed Jessica
   935 | D:2      | HP: 3/20 [goblin/+0 club (3)]
   936 | D:2      | 936 ||| READING 2 scrolls of teleportation.
  1047 | D:2      | Found a runed translucent door.
  1048 | D:2      | Noticed Crazy Yiuf
  1306 | D:2      | Reached skill level 7 in Ranged Weapons
  1541 | D:2      | Killed Jessica
  1542 | D:2      | Reached XP level 4. HP: 17/25 MP: 6/6
  1720 | D:2      | 1720 ||| READING scroll labelled TIMMEI VOFU.
  1721 | D:2      | 1721 ||| READING scroll labelled XAZXEUL WAKE.
  1721 | D:2      | Identified a scroll of acquirement
  1721 | D:2      | 1721 ||| ACQUIRING 534 gold pieces
  1721 | D:2      | Acquired 534 gold pieces
  1723 | D:2      | 1723 ||| READING scroll labelled VUEMMA EKOGOKH.
  1724 | D:2      | 1724 ||| READING 2 scrolls of identify.
  1724 | D:2      | 1724 ||| IDENTIFYING pink potion
  2165 | D:3      | Noticed an ice beast
  2186 | D:3      | Killed an ice beast
  2187 | D:3      | Reached skill level 9 in Ranged Weapons
  2187 | D:3      | Reached XP level 5. HP: 22/29 MP: 7/7
  2249 | D:3      | Noticed Sigmund
  2257 | D:3      | 2257 ||| DRINKING 2 potions of curing.
  2257 | D:3      | 2257 ||| (to cure confusion)
  2263 | D:3      | Killed Sigmund
  2264 | D:3      | Reached skill level 3 in Fighting
  2264 | D:3      | Reached XP level 6. HP: 30/37 MP: 8/8
  2738 | D:3      | 2738 ||| DROPPING ring of flight.
  2739 | D:3      | 2739 ||| READING scroll labelled DUJUMU MAUTROVIQ.
  2740 | D:3      | 2740 ||| DRINKING 2 bubbling ruby potions.
  2741 | D:3      | 2741 ||| READING 2 scrolls of identify.
  2741 | D:3      | 2741 ||| IDENTIFYING viscous inky potion
  2742 | D:3      | 2742 ||| DROPPING potion of attraction.
  2743 | D:3      | 2743 ||| DROPPING potion of lignification.
  2794 | D:4      | 2794 ||| PLANNING OSSUARY
  2943 | D:4      | HP: 8/37 [gnoll/+0 spear (6)]
  2944 | D:4      | 2944 ||| READING 2 scrolls of teleportation.
  2945 | D:4      | HP: 1/37 [gnoll/+0 spear (7)]
  2948 | D:4      | Found a staircase to the Ecumenical Temple.
  2958 | D:4      | 2958 ||| READING scroll of teleportation.
  2958 | D:4      | HP: 2/37 [dart slug/slug dart (3)]
  3193 | D:4      | Found a sand-covered staircase.
  3194 | D:4      | 3194 ||| READING scroll labelled FEMUAL CESIQON.
  3259 | D:4      | 3259 ||| DRINKING 2 gluggy blue potions.
  3267 | Ossuary  | Entered an ossuary
  3280 | Ossuary  | HP: 9/37 [hound zombie (3)]
  3280 | Ossuary  | HP: 4/37 [rat zombie (2)]
  3281 | Ossuary  | 3281 ||| DRINKING potion of heal wounds.
  3286 | Ossuary  | HP: 9/37 [hound zombie (1)]
  3291 | Ossuary  | HP: 7/37 [elf zombie (2)]
  3294 | Ossuary  | HP: 1/37 [hobgoblin zombie (3)]
  3296 | Ossuary  | Slain by a hound zombie

Levels and vault maps discovered:
D:1:      dpeg_arrival_ternary, layout_basic, minmay_hedge_maze
D:2:      layout_basic, minmay_hexomino_u4, uniq_jessica,
          uniq_crazy_yiuf_cottage
D:3:      layout_basic, uniq_sigmund
D:4:      layout_basic, minmay_temple_entry_grid, chequers_ossuary_entry_cave,
          minmay_box_of_dots
Ossuary:  ossuary_minmay_tomb_2a

Skill      XL: |  1  2  3  4  5 |
---------------+----------------+-----
Ranged Weapons | 6 7 9 |  9.9
Fighting       | 3 |  3.3
Dodging        | |  2.4
Stealth        | |  1.2

Action                     |  1- 3 |  4- 6 || total
---------------------------+-------+-------++-------
   Fire: Shortbow          |   107 |   149 ||   256
    Use: Scroll            |     5 |     9 ||    14
         Potion            |       |     4 ||     4
 Armour: Leather armour    |     3 |       ||     3
         Ring mail         |    18 |    89 ||   107
  Dodge: Dodged            |    33 |   111 ||   144

Table legend:
 A = Non-vault XP
 B = Vault XP
 C = Vault XP percentage of total XP
 D = Non-vault monster count
 E = Vault monster count
 F = Vault count percentage of total count
                 A         B        C        D         E       F
            +---------+---------+-------+---------+---------+-------
      Total |     393 |     303 |  43.5 |      51 |       8 |  13.6
            +---------+---------+-------+---------+---------+-------
        D:1 |      19 |       0 |   0.0 |      11 |       0 |   0.0
        D:2 |      46 |      54 |  54.0 |      18 |       4 |  18.2
        D:3 |     174 |     223 |  56.2 |      11 |       1 |   8.3
        D:4 |     154 |       5 |   3.1 |      11 |       1 |   8.3
    Ossuary |       0 |      21 | 100.0 |       0 |       2 | 100.0
            +---------+---------+-------+---------+---------+-------
